Map: Paisaje nocturno EE

Players

MrFercho - Winner!

  • Race: Zerg Zerg
  • League: Gold
  • Spawn Location: 1:00

tigro - Winner!

  • Race: Terran Terran
  • League: Bronze
  • Spawn Location: 1:00

Renesis

  • Race: Terran Terran
  • League: Platinum
  • Spawn Location: 7:00

Garth

  • Race: Zerg Zerg
  • League: Silver
  • Spawn Location: 7:00

VOD

Have the link to the VOD?

Description

Time

  • Played on: Aug. 17, 2020, 1:26 a.m.
  • Length: 17:04
Show
View Real Time Build Order
Export as new Build Order

MrFercho Zerg - Winner!

Build Orders: Hatch First, Lurkers 

Get SALT Encoding   

  12  0:13  Drone  
  13  0:15  Overlord  
  13  0:16  Drone  
  14  0:39  Drone x2  
  16  0:54  Hatchery  
  16  0:55  Drone  
  16  0:57  Drone  
  17  1:07  Drone  
  18  1:11  Extractor  
  17  1:21  Spawning Pool, Drone  
  17  1:30  Drone  
  18  1:42  Drone  
  19  1:50  Drone  
  20  2:06  Drone  
  20  2:07  Queen x2  
  25  2:08  Overlord  
  25  2:20  Drone x2  
  27  2:28  Zergling x2  
  28  2:30  Zergling x2  
  28  2:33  Metabolic Boost  
  29  2:37  Drone  
  29  2:39  Overlord  
  30  2:49  Queen  
  32  2:51  Lair  
  32  2:55  Drone x3  
  35  3:03  Drone  
  36  3:19  Drone x3  
  39  3:28  Roach Warren  
  38  3:34  Evolution Chamber  
  38  3:36  Pneumatized Carapace  
  37  3:51  Zergling x10  
  42  4:15  Zerg Missile Weapons Level 1  
  42  4:20  Overlord x3  
  42  4:39  Overseer  
  42  4:42  Extractor  
  42  4:43  Drone x3  
  42  4:44  Extractor  
  42  4:45  Drone x3  
  46  4:46  Drone x7  
  53  5:04  Drone  
  54  5:12  Spore Crawler  
  52  5:16  Spore Crawler  
  52  5:18  Overseer  
  47  5:26  Drone x2  
  47  5:27  Drone x4  
  53  5:58  Roach x7  
  53  6:00  Glial Reconstitution  
  53  6:02  Overlord x2  
  67  6:13  Queen, Hydralisk Den  
  68  6:38  Drone x3  
  71  6:43  Drone  
  71  6:44  Hatchery, Drone  
  71  6:45  Muscular Augments  
  71  6:46  Extractor  
  71  6:47  Extractor  
  71  6:49  Extractor  
  69  7:02  Zergling x8  
  69  7:03  Zergling x10  
  70  7:51  Hydralisk x6  
  70  7:52  Lurker Den, Hydralisk  
  70  7:57  Grooved Spines  
  83  7:59  Overlord x2  
  83  8:07  Hatchery  
  82  8:27  Drone x3, Evolution Chamber  
  82  8:28  Infestation Pit  
  83  8:39  Overseer  
  83  8:54  Lurker x7  
  90  9:05  Overlord x4  
  90  9:06  Overlord  
  90  9:11  Drone  
  90  9:12  Drone x5  
  96  9:34  Hydralisk x7  
  102  9:53  Hydralisk  
  102  9:54  Hydralisk x3  
  110  10:15  Zergling x16  
  84  11:14  Hydralisk  
  84  11:15  Hydralisk x12  
  100  11:43  Hatchery  
  100  11:44  Hive  
  99  11:48  Spire  
  92  12:21  Zergling x26  
  92  12:22  Zergling x10  
  107  12:38  Extractor  
  107  12:39  Drone x4  
  107  12:40  Drone x3  
  107  12:41  Extractor  
  112  12:56  Seismic Spines  
  112  12:57  Zerg Missile Weapons Level 2  
  105  13:09  Greater Spire  
  65  13:29  Zergling x26  
  65  13:30  Zergling x2  
  79  13:35  Hydralisk x4  
  84  13:46  Hydralisk x4  
  84  13:47  Hydralisk x2  
  93  13:53  Adaptive Talons  
  93  13:54  Hydralisk x8  
  109  14:11  Drone x4  
  113  14:25  Corruptor x8  
  113  14:26  Hatchery  
  113  14:27  Overlord  
  113  14:28  Overlord x2  
  128  14:37  Lurker x2  
  130  15:10  Brood Lord x3  
  136  15:28  Zergling x12  
  128  15:29  Zergling x46  
  152  15:53  Zergling x14  
  152  15:54  Zergling x16  
  164  16:01  Extractor  
  162  16:06  Extractor  
  162  16:10  Evolution Chamber  
Show
View Real Time Build Order
Export as new Build Order

tigro Terran - Winner!

Build Orders:  

Get SALT Encoding   

  12  0:14  SCV  
  13  0:22  Supply Depot  
  13  0:29  SCV  
  14  0:41  SCV  
  15  0:45  Supply Depot  
  15  0:53  SCV  
  15  0:56  Barracks  
  16  1:05  SCV  
  16  1:06  Refinery  
  17  1:17  SCV  
  18  1:26  Refinery  
  18  1:29  SCV  
  19  1:41  SCV  
  19  1:44  Marine  
  21  1:53  SCV  
  22  2:02  Marine  
  22  2:05  SCV  
  24  2:10  Factory  
  24  2:18  SCV  
  24  2:19  Marine  
  26  2:24  Engineering Bay  
  26  2:37  Marine  
  26  2:42  Orbital Command  
  27  2:55  Marine, Factory Tech Lab  
  28  3:11  Command Center  
  28  3:24  Barracks Tech Lab  
  28  3:26  Terran Infantry Weapons Level 1  
  28  3:31  Siege Tank  
  31  4:03  Siege Tank  
  34  4:20  Marine  
  35  4:38  Marine  
  36  4:53  Refinery  
  36  4:55  SCV  
  36  4:56  Marine  
  36  4:58  Combat Shield  
  38  5:07  SCV  
  39  5:14  Marine  
  39  5:19  SCV  
  39  5:20  Terran Infantry Armor Level 1  
  41  5:31  SCV  
  41  5:32  Marine  
  43  5:37  Starport  
  43  5:43  SCV  
  43  5:59  SCV  
  44  6:08  Refinery  
  44  6:11  SCV  
  45  6:15  Medivac  
  45  6:17  Stimpack  
  47  6:23  SCV  
  47  6:24  Armory  
  48  6:30  Missile Turret  
  48  6:35  SCV  
  49  6:41  Marine  
  50  6:47  SCV  
  50  6:51  Missile Turret  
  51  6:59  Marine  
  52  7:03  Siege Tank  
  55  7:12  Missile Turret  
  55  7:14  Supply Depot, Neosteel Armor  
  55  7:17  Marine  
  56  7:35  Marine, Siege Tank  
  60  7:37  Supply Depot  
  60  7:53  Marine  
  60  7:57  Terran Vehicle Weapons Level 1  
  61  8:01  Supply Depot  
  61  8:11  Marine  
  62  8:20  Starport Tech Lab  
  62  8:21  Missile Turret  
  62  8:31  Barracks  
  62  8:44  Missile Turret  
  62  8:54  Hi-Sec Auto Tracking  
  62  9:04  Missile Turret  
  62  9:14  Thor  
  68  9:22  Fusion Core  
  68  9:51  Terran Infantry Weapons Level 2  
  68  9:52  Terran Vehicle And Ship Armor Level 1  
  68  9:56  Thor  
  73  10:10  Marine x2  
  81  10:14  Battlecruiser  
  81  10:17  Weapon Refit  
  81  10:26  Missile Turret  
  81  10:28  Marine x2  
  83  10:46  Marine x2  
  83  10:47  Missile Turret  
  75  11:04  Marine x2  
  59  11:08  Command Center  
  59  11:09  Thor  
  67  11:18  Medivac  
  67  11:21  Marine  
  67  11:22  Marine  
  68  11:39  Marine x2  
  69  11:46  Terran Ship Weapons Level 1  
  70  11:51  Thor  
  76  11:57  Marine x2  
  78  12:06  Terran Infantry Armor Level 2  
  78  12:15  Marine x2  
  80  12:24  Medivac  
  82  12:31  Planetary Fortress  
  82  12:32  Refinery  
  82  12:33  Marine x2  
  82  12:34  Thor  
  90  12:37  Missile Turret  
  90  12:44  SCV  
  90  12:50  Marine  
  90  12:51  Marine  
  92  12:54  Battlecruiser  
  92  12:56  SCV  
  100  12:58  Missile Turret  
  100  13:08  SCV  
  100  13:09  Command Center  
  101  13:19  Missile Turret  
  101  13:30  Marine x2, SCV  
  87  13:41  Missile Turret  
  87  13:42  SCV  
  87  13:48  Marine x2  
  85  14:05  Marine  
  85  14:06  Marine  
  87  14:23  Marine  
  70  14:32  Marine  
  70  14:35  Battlecruiser  
  76  14:41  Marine  
  77  14:50  Marine  
  78  14:59  Marine  
  71  15:08  Marine  
  71  15:10  SCV  
  71  15:11  Refinery  
  61  15:17  Marine  
  61  15:19  Supply Depot  
  58  15:22  SCV  
  58  15:26  Marine  
  60  15:30  Thor  
  60  15:34  Marine, SCV  
  68  15:39  Medivac  
  68  15:41  Supply Depot  
  70  15:44  Marine  
  70  15:46  SCV  
  72  15:52  Marine  
  73  15:58  SCV  
  74  16:05  Supply Depot  
  74  16:09  Medivac  
Show
View Real Time Build Order
Export as new Build Order

Renesis Terran 

Build Orders: Banshee Rush 

Get SALT Encoding   

  12  0:00  SCV  
  14  0:14  SCV  
  14  0:18  Supply Depot  
  14  0:27  Refinery  
  15  0:28  SCV  
  15  0:40  SCV  
  16  0:45  Barracks  
  16  0:52  SCV  
  17  0:59  Refinery  
  17  1:07  Supply Depot  
  17  1:13  SCV  
  18  1:26  SCV  
  19  1:33  Supply Depot  
  19  1:40  Factory  
  19  1:46  SCV  
  20  1:58  Orbital Command  
  20  2:09  Barracks Reactor  
  20  2:33  SCV  
  20  2:34  Factory Tech Lab  
  20  2:35  Starport  
  21  2:47  SCV  
  22  3:06  SCV  
  22  3:11  Marine x2  
  25  3:18  SCV  
  25  3:19  Barracks  
  26  3:20  Factory Tech Lab  
  26  3:22  Banshee  
  26  3:23  Cloaking Field, Supply Depot  
  29  3:29  Marine x2  
  29  3:33  SCV  
  32  3:40  Siege Tank  
  35  3:46  Marine  
  35  3:47  Marine  
  37  4:00  SCV  
  38  4:05  Banshee  
  38  4:07  Supply Depot  
  41  4:12  Siege Tank  
  44  4:17  Barracks Reactor  
  44  4:25  Marine x2  
  46  4:41  SCV  
  46  4:42  Marine  
  46  4:43  Supply Depot, Marine  
  49  4:48  Siege Tank  
  49  4:52  Medivac  
  54  4:53  SCV  
  55  5:05  Marine x2  
  57  5:14  Marine x2  
  57  5:15  SCV  
  57  5:20  Command Center  
  60  5:22  Marine x2  
  60  5:27  SCV  
  60  5:32  Marine x2  
  62  5:40  SCV  
  63  5:56  Supply Depot  
  63  5:57  Marine  
  63  5:58  Marine x2, SCV  
  66  6:10  SCV  
  67  6:22  SCV  
  67  6:23  Marine x4  
  72  6:28  Engineering Bay  
  72  6:33  SCV  
  72  6:34  SCV  
  72  6:38  Medivac  
  76  6:41  Marine x4  
  76  6:46  SCV  
  82  6:49  Orbital Command  
  81  6:59  SCV  
  82  7:10  Marine x4  
  86  7:27  Marine x2  
  86  7:28  Marine x2  
  75  7:45  Marine x4  
  75  7:47  SCV x2  
  81  7:54  Siege Tank  
  84  7:59  SCV x2  
  84  8:03  Marine x4  
  90  8:11  SCV x2, Refinery  
  92  8:21  Marine x2  
  92  8:26  Supply Depot  
  94  8:40  Marine, SCV x2  
  94  8:45  Refinery  
  94  8:48  Bunker, Marine x2, Banshee  
  99  8:52  SCV x2  
  99  8:53  Bunker  
  99  8:54  Supply Depot  
  101  9:04  SCV  
  102  9:16  Terran Infantry Weapons Level 1, SCV x2  
  104  9:20  Fusion Core  
  104  9:21  Marine x2  
  106  9:24  Marine x2  
  106  9:28  SCV  
  106  9:29  Supply Depot  
  109  9:39  Marine x2  
  110  9:50  Marine  
  111  9:57  Marine  
  111  9:59  Barracks  
  111  10:08  Siege Tank  
  114  10:16  Marine x2, Starport  
  114  10:17  Command Center  
  114  10:20  Command Center  
  116  10:26  Marine  
  117  10:32  Armory  
  117  10:34  Marine  
  118  10:35  Engineering Bay  
  118  10:45  Medivac  
  118  10:54  Marine  
  118  10:55  Marine x2  
  117  10:57  Medivac  
  105  11:12  Marine x2  
  104  11:20  Starport Tech Lab  
  102  11:49  Missile Turret  
  101  11:59  Planetary Fortress, Refinery  
  101  12:03  Refinery  
  101  12:06  Supply Depot  
  101  12:09  Supply Depot  
  101  12:17  Supply Depot  
  101  12:30  Raven, Marine x3, SCV x2  
  101  12:31  Command Center  
  108  12:42  SCV x2  
  110  12:45  Engineering Bay  
  110  12:48  Marine x3, Engineering Bay  
  113  12:55  SCV x3  
  116  13:01  Refinery  
  110  13:06  Marine x3  
  110  13:07  SCV  
  106  13:16  SCV x2  
  106  13:19  SCV  
  104  13:23  Marine  
  104  13:24  Marine x2  
  107  13:28  Fusion Core, SCV  
  101  13:41  Marine  
  101  13:42  SCV x2  
  101  13:44  Marine x2  
  103  13:59  Marine  
  94  14:19  Marine x3  
  75  14:32  Viking x2  
  75  14:34  Viking  
  75  14:35  Siege Tank  
  75  14:37  Marine x3  
  82  14:39  Marine  
  83  14:55  Marine x3  
  83  14:57  Marine  
  87  15:04  Viking  
  78  15:12  Marine  
  78  15:13  Marine x2  
  75  15:15  Marine  
  69  15:27  Refinery  
  58  15:30  Marine x2  
  58  15:31  Marine  
  58  15:33  Marine  
  49  15:48  Marine x3  
  48  15:51  Marine, Siege Tank  
  48  15:54  Barracks  
  47  16:03  Fusion Core  
  43  16:06  Marine  
  43  16:08  Barracks  
  43  16:09  Marine  
  39  16:23  Siege Tank  
  42  16:26  Marine  
Show
View Real Time Build Order
Export as new Build Order

Garth Zerg 

Build Orders: Pool First 

Get SALT Encoding   

  12  0:00  Drone  
  13  0:15  Drone  
  13  0:20  Overlord  
  14  0:37  Spawning Pool  
  14  0:39  Drone  
  14  0:43  Drone  
  14  0:48  Drone  
  16  0:51  Drone  
  17  0:59  Extractor  
  16  1:07  Drone  
  17  1:12  Drone  
  18  1:23  Drone  
  19  1:37  Zergling x2  
  20  1:42  Queen  
  20  1:46  Overlord  
  22  1:57  Overlord  
  22  2:13  Zergling x2  
  23  2:18  Zergling x2  
  25  2:30  Zergling x2  
  25  2:37  Lair  
  25  2:39  Roach Warren  
  25  2:41  Zergling x2  
  25  3:44  Roach x4  
  32  4:08  Roach  
  32  4:09  Roach x2  
  36  4:14  Overlord  
  36  4:16  Glial Reconstitution  
  36  4:27  Extractor  
  35  4:33  Queen  
  35  4:37  Roach x2  
  41  4:40  Hatchery  
  41  4:45  Drone x3  
  43  5:04  Roach  
  45  5:07  Overlord  
  45  5:23  Overlord x2  
  45  5:37  Roach x2  
  49  5:53  Roach x3  
  55  6:01  Hydralisk Den  
  54  6:07  Drone x2  
  54  6:10  Queen  
  58  6:26  Roach x3  
  58  6:27  Roach x2  
  68  6:33  Evolution Chamber  
  68  6:40  Drone  
  68  6:43  Overlord  
  68  6:44  Overlord  
  68  6:56  Overlord x3  
  68  7:10  Drone x2  
  70  7:18  Drone  
  71  7:34  Hydralisk x4  
  71  7:35  Hydralisk  
  61  7:55  Drone  
  61  7:56  Drone x3  
  65  8:05  Pneumatized Carapace  
  65  8:19  Hydralisk x3  
  65  8:20  Hydralisk x2  
  65  8:24  Drone x2  
  77  8:53  Spire  
  76  8:56  Hydralisk x3  
  82  9:04  Extractor  
  82  9:05  Drone x3  
  82  9:06  Drone  
  82  9:07  Overlord  
  85  9:27  Hydralisk x2  
  85  9:29  Spine Crawler  
  88  9:33  Spine Crawler  
  88  9:36  Grooved Spines  
  87  9:45  Hydralisk x2  
  91  10:01  Burrow  
  81  10:11  Hydralisk x2  
  85  10:16  Drone x5  
  85  10:17  Drone  
  60  11:27  Hydralisk x5  
  62  11:41  Spore Crawler  
  62  11:44  Spore Crawler  
  58  11:48  Hydralisk x5  
  63  12:41  Mutalisk x2  
  67  12:47  Drone x6  
  67  12:48  Extractor, Drone  
  73  13:10  Hydralisk x3  
  77  13:14  Hydralisk  
  43  13:47  Mutalisk x2  
  47  14:07  Drone x3  
  36  14:39  Hydralisk x5  
Tags
 
Add a new tag
Caveats
  • Supply blocks, unpowered buildings, or Contaminate may cause inaccurate times.
  • Supply counts are checked every 10 seconds.